 Dungeon Crawl Stone Soup version 0.25.0-46-gbd7b0854d2 (webtiles) character file.

Game seed: 12102578504851176315

3358 MajorAdolf the Cleaver (level 10, -3/98 HPs)
             Began as a Naga Wanderer on July 17, 2020.
             Slain by a slime creature (17 damage)
             ... on level 7 of the Dungeon.
             The game lasted 00:11:44 (8673 turns).

MajorAdolf the Cleaver (Naga Wanderer)              Turns: 8673, Time: 00:11:45

Health: -3/98      AC:  5    Str: 19    XL:     10   Next: 3%
Magic:  0/13       EV:  9    Int: 13    God:
Gold:   130        SH:  0    Dex:  9    Spells: 9/9 levels left

rFire    . . .     SeeInvis +   r - +6 trident (venom)
rCold    . . .     Gourm    .   (no shield)
rNeg     . . .     Faith    .   g - +0 robe
rPois    +         Spirit   +   j - +0 helmet
rElec    .         Reflect  .   (no cloak)
rCorr    .         Harm     .   (no gloves)
MR       +....                  (no barding)
Stlth    +++++.....             i - amulet of guardian spirit
HPRegen  0.26/turn              p - ring of stealth
MPRegen  0.13/turn              v - ring of stealth

@: very slightly contaminated, invisible, very slow
A: large, see invisible, deformed body, poison resistance, slowness 2, slow
metabolism 1, spit poison 1, AC +3
a: Spit Poison


You were on level 7 of the Dungeon.
You were very hungry.

You visited 1 branch of the dungeon, and saw 9 of its levels.

You collected 228 gold pieces.
You spent 98 gold pieces at shops.

Inventory:

Hand Weapons
 d - a +1 hand axe
 r - a +6 trident of venom (weapon)
Armour
 g - a +0 robe (worn)
 j - a +0 helmet (worn)
Jewellery
 i - an amulet of guardian spirit (around neck)
 p - a ring of stealth (left hand)
 v - a ring of stealth (right hand)
 w - an uncursed ring of flight
Wands
 s - a wand of flame (11)
 y - a wand of paralysis (8)
Scrolls
 k - 2 scrolls of enchant weapon
 n - a scroll of identify
 q - 6 scrolls of remove curse
 t - a scroll of fog
Potions
 a - a potion of invisibility
 b - 2 potions of heal wounds
 e - 3 potions of curing
 h - a potion of cancellation {unknown}
 l - a potion of brilliance {unknown}
 m - a potion of magic {unknown}
 o - 2 potions of stabbing
 z - 2 potions of mutation {unknown}
Comestibles
 f - 16 rations


   Skills:
 + Level 8.5 Fighting
 + Level 9.7 Axes
 - Level 1.5 Armour
 + Level 8.0 Stealth
 + Level 5.1 Evocations


You had 9 spell levels left.
You didn't know any spells.
Your spell library was empty.

Dungeon Overview and Level Annotations

Branches:
Dungeon (9/15)             Temple (0/1) D:7            Lair (0/6) D:9
    Orc (0/2) D:9

Altars:
Fedhas
Makhleb
Okawaru
Sif Muna
Uskayaw
The Shining One

Shops:
D:9 ?


Innate Abilities, Weirdness & Mutations

You cannot wear boots.
Your serpentine skin is tough. (AC +3)
You have supernaturally acute eyesight. (SInv)
Armour fits poorly on your strangely shaped body.
Your system is resistant to poisons. (rPois)
You cover ground very slowly.
You have a slow metabolism.
You can spit poison.


Message History

You feel much better. The slime creature barely misses you.
The slime creature hits you!
You strike the helpless slime creature from behind!
You puncture the slime creature!
The slime creature is lightly wounded.
The slime creature hits you but does no damage.
The slime creature hits you!
* * * LOW HITPOINT WARNING * * *
You catch the helpless slime creature completely off-guard!
You puncture the slime creature!
The slime creature is moderately wounded.
The slime creature hits you!
* * * LOW HITPOINT WARNING * * *
The slime creature hits you but does no damage.
You barely miss the slime creature.
The slime creature is moderately wounded.
The slime creature hits you.
* * * LOW HITPOINT WARNING * * *
The slime creature hits you!!
You die...

....
##.
..#
#.#
#.#
#.#
#.#
#.#
#J#
#@#
#J#
#J#
#.#
..#
.##
. #.


You could see 3 slime creatures.

Vanquished Creatures
  Grinder (D:3)
  A hippogriff (D:8)
  Sigmund (D:3)
  A hungry ghost (D:8)
  2 water moccasins (D:6)
  An orc warrior (D:6)
  A hornet zombie (D:6)
  2 phantoms
  3 centaurs
  4 ogres
  A big kobold (D:7)
  2 bullfrogs (D:6)
  4 scorpions
  3 howler monkeys
  2 crimson imps
  A bullfrog zombie (D:6)
  5 orc priests
  2 jellies
  5 hounds
  4 orc wizards
  An iguana (D:6)
  Terence (D:3)
  5 worker ants
  A killer bee zombie (D:4)
  A hound skeleton (D:6)
  A worker ant zombie (D:5)
  4 gnolls
  A howler monkey skeleton (D:6)
  8 adders
  2 adder skeletons
  4 worms
  2 dart slugs
  3 leopard geckos
  15 orcs
  7 bats
  3 giant cockroaches
  8 hobgoblins
  10 kobolds
  4 quokkas
  7 frilled lizards
  2 goblins
  A goblin skeleton (D:4)
  A goblin zombie (D:4)
  2 hobgoblin zombies (D:4)
  3 kobold skeletons (D:4)
  A leopard gecko skeleton (D:4)
  2 orc zombies (D:4)
  7 rats
153 creatures vanquished.

Notes
Turn   | Place    | Note
-------+----------+-------------------------------------------
     0 | D:1      | MajorAdolf the Naga Wanderer began the quest for the Orb.
     0 | D:1      | MajorAdolf set off with the following items: a +2 dagger, a
                  | potion of heal wounds, a +0 ring mail, a +0 hand axe, a
                  | ration
     0 | D:1      | Reached XP level 1. HP: 18/18 MP: 1/1
   331 | D:1      | Reached XP level 2. HP: 25/26 MP: 2/2
  1599 | D:2      | Reached XP level 3. HP: 14/33 MP: 3/3
  2225 | D:3      | Reached XP level 4. HP: 3/42 MP: 4/4
  2602 | D:3      | Found a faded altar of an unknown god.
  2605 | D:3      | Noticed Sigmund
  2630 | D:3      | Killed Sigmund
  2630 | D:3      | Reached skill level 6 in Axes
  2630 | D:3      | Reached XP level 5. HP: 28/50 MP: 5/5
  2630 | D:3      | Reached XP level 6. HP: 32/57 MP: 6/6
  2814 | D:3      | Found a burning altar of Makhleb.
  2885 | D:3      | Noticed Terence
  2897 | D:3      | Killed Terence
  3269 | D:3      | Noticed Grinder
  3281 | D:3      | Killed Grinder
  3281 | D:3      | Reached skill level 5 in Fighting
  3281 | D:3      | Reached skill level 7 in Axes
  3281 | D:3      | Reached XP level 7. HP: 41/67 MP: 7/7
  3774 | D:4      | Found an iron altar of Okawaru.
  4052 | D:4      | Reached XP level 8. HP: 47/76 MP: 8/8
  4087 | D:4      | Found a glowing golden altar of the Shining One.
  4118 | D:4      | Reached skill level 8 in Axes
  4612 | D:5      | Entered Level 5 of the Dungeon
  6214 | D:6      | Found a shimmering blue altar of Sif Muna.
  6249 | D:6      | Reached XP level 9. HP: 69/86 MP: 9/11
  6410 | D:6      | Reached skill level 5 in Stealth
  6469 | D:6      | Found a blossoming altar of Fedhas.
  6515 | D:6      | Reached skill level 9 in Axes
  7867 | D:7      | Found a hide-covered altar of Uskayaw.
  7986 | D:7      | Found a staircase to the Ecumenical Temple.
  7986 | D:7      | You fall into a shaft and drop 2 floors!
  8068 | D:9      | Noticed a death yak
  8069 | D:9      | Noticed a death yak
  8070 | D:9      | Noticed a death yak
  8078 | D:9      | Found Pysaiff's Magic Scroll Shoppe.
  8088 | D:9      | Bought a scroll of magic mapping for 49 gold pieces
  8088 | D:9      | Bought a scroll of fear for 49 gold pieces
  8105 | D:9      | Found a staircase to the Orcish Mines.
  8105 | D:9      | Noticed a troll
  8258 | D:8      | Reached skill level 5 in Evocations
  8258 | D:8      | Reached XP level 10. HP: 78/98 MP: 8/13
  8391 | D:8      | Got a heavily runed leather armour
  8402 | D:8      | Identified the +1 leather armour "Hoyfoburr" {Harm *Corrode
                  | rElec Dex+8} (You found it on level 8 of the Dungeon)
  8673 | D:7      | Slain by a slime creature

Illustrated notes

Levels and vault maps discovered:
D:1:      dpeg_arrival_signposts, layout_loops_corners
D:2:      layout_rooms
D:3:      layout_basic, lightli_temple_of_fire,
          chequers_ecumenical_altar_simple, uniq_terence, uniq_sigmund,
          uniq_grinder
D:4:      layout_basic, okawaru_trees_2, first_ration, grunt_ministairs_2,
          nicolae_tso_besieged_by_evil
D:5:      layout_basic
D:6:      minmay_razor_zed, layout_cave_pools, basic_altar,
          minmay_misc_feat_encased, fedhas_altar_1
D:7:      layout_loops_ring, marbit_many_paths,
          nicolae_ru_great_annihilating_truth, bloody_trog,
          minmay_temple_entry_butterflies, basic_altar, grunt_livestock
D:8:      layout_basic
D:9:      layout_roguey, dpeg_lair_monsters,
          kennysheep_orc_monster_closet_entryway, serial_shops, shop, shop

Skill      XL: |  1  2  3  4  5  6  7  8  9 |
---------------+----------------------------+-----
Fighting       | 2 3 4 5 6 7 8 |  8.5
Axes           | 6 7 8 9 |  9.7
Stealth        | 4 8 |  8.0
Evocations     | 2 5 |  5.1
Armour         | |  1.5

Action                   |  1- 3 |  4- 6 |  7- 9 | 10-12 || total
-------------------------+-------+-------+-------+-------++-------
Melee: Dagger            |    30 |       |       |       ||    30
       Hand axe          |    86 |    43 |       |       ||   129
       Trident           |       |    32 |   311 |    14 ||   357
 Abil: Spit Poison       |     5 |     7 |       |       ||    12
  Use: Scroll            |       |     4 |     9 |     1 ||    14
       Potion            |       |       |       |     3 ||     3
 Stab: Sleeping          |       |       |    14 |     3 ||    17
       Distracted        |       |       |     1 |       ||     1
       Invisible         |       |       |       |     2 ||     2
  Eat: Chunk             |     3 |     3 |    17 |       ||    23
Armor: Ring mail         |    54 |    31 |   113 |     1 ||   199
       Robe              |       |       |       |     4 ||     4
Dodge: Dodged            |    70 |    26 |   110 |     5 ||   211
